 Dungeon Crawl Stone Soup version 0.27-a0-148-g9515ab555c (webtiles) character file.

Game seed: 16495664871069442103

9502 lunkers the Fighter (level 11, -2/104 HPs)
             Began as a Hill Orc Hunter on Jan 26, 2021.
             Was a High Priest of Okawaru.
             Splashed by a brown ugly thing's acid (7 damage)
             ... on level 11 of the Dungeon.
             The game lasted 00:23:24 (15215 turns).

lunkers the Fighter (Hill Orc Hunter)              Turns: 15215, Time: 00:23:24

Health: -2/104     AC: 13    Str: 19    XL:     11   Next: 47%
Magic:  23/23      EV: 11    Int: 11    God:    Okawaru [*****.]
Gold:   405        SH:  5    Dex: 11    Spells: 10/10 levels left

rFire    + . .     SeeInvis .   a - +9 staff of Olgreb {rPois∞}
rCold    . . .     Faith    .   (no shield)
rNeg     . . .     Spirit   .   w - +3 ring mail {rF+}
rPois    ∞         Reflect  +   r - +1 helmet
rElec    .         Harm     .   K - +0 cloak
rCorr    .         Rampage  .   o - +0 pair of gloves
Will     .....                  (no boots)
Stlth    +.........             Q - amulet of reflection
HPRegen  0.27/turn              F - ring of magical power
MPRegen  0.18/turn              (no ring)

@: about to teleport
A: no striking features
a: Renounce Religion, Heroism, Finesse


You were on level 11 of the Dungeon.
You worshipped Okawaru.
Okawaru was extremely pleased with you.
You visited 2 branches of the dungeon, and saw 12 of its levels.

You collected 661 gold pieces.
You spent 256 gold pieces at shops.

Inventory:

Hand Weapons
 a - the +9 staff of Olgreb (weapon) {rPois∞}
   (You found it on level 6 of the Dungeon)

   It grants immunity to poison.
 b - a +3 hunting sling of freezing
 g - the +4 long sword of Deflation {vorpal, rC+ Str+7}
   (You bought it in a shop on level 5 of the Dungeon)

   It inflicts extra damage upon your enemies.
   It affects your strength (+7).
   It protects you from cold.
 D - a +0 short sword
 J - a +2 dagger of venom
Missiles
 c - 6 javelins
 d - 3 throwing nets {=f}
 f - 379 stones
 l - 83 sling bullets
 x - 16 boomerangs
 y - 29 poisoned darts
 H - 6 atropa-tipped darts
 I - 4 silver boomerangs
Armour
 o - a +0 pair of gloves (worn)
 r - a +1 helmet (worn)
 w - a +3 ring mail of fire resistance (worn)
 K - a +0 cloak (worn)
Jewellery
 B - an uncursed ring of ice
 F - a ring of magical power (left hand)
 Q - an amulet of reflection (around neck)
Wands
 j - a wand of enslavement (8)
 q - a wand of paralysis (10)
 v - a wand of flame (29)
 E - a wand of iceblast (16)
 G - a wand of acid (10)
 L - a wand of random effects (12)
 P - a wand of mindburst (20)
Scrolls
 e - 2 scrolls of fog
 h - 5 scrolls of amnesia
 k - 2 scrolls of magic mapping
 p - 2 scrolls of enchant weapon
 s - 8 scrolls of remove curse
 O - a scroll of identify
Potions
 i - 4 potions of heal wounds
 m - a potion of invisibility
 n - 3 potions of mutation
 t - 5 potions of curing
 u - a potion of might
 z - 3 potions of attraction
 A - 3 potions of brilliance
 C - a potion of haste {unknown}
 M - a potion of cancellation {unknown}


   Skills:
 + Level 11.8 Fighting
 + Level 9.8 Throwing
 - Level 5.0 Armour
 - Level 1.5 Dodging
 - Level 0.7 Stealth
 - Level 5.0 Invocations
 * Level 8.9 Evocations


You had 10 spell levels left.
You didn't know any spells.
Your spell library was empty.

Dungeon Overview and Level Annotations

Branches:
Dungeon (11/15)            Temple (1/1) D:4            Lair (0/6) D:11
    Orc: D:9-12

Altars:
Ashenzari
Cheibriados
Dithmenos
Elyvilon
Fedhas
Gozag
Hepliaklqana
Kikubaaqudgha
Makhleb
Nemelex Xobeh
Okawaru
Qazlal
Ru
Sif Muna
Trog
Uskayaw
Vehumet
Wu Jian
Xom
Yredelemnul
Zin
The Shining One

Shops:
D:5 =*}*   D:10 [

Annotations:
D:6 1 runed translucent door


Message History

The gargoyle is severely damaged.
You hear a bark!
You hear a croak.
The gargoyle hurls a stone arrow at you.
The stone arrow hits you!!
* * * LOW HITPOINT WARNING * * *
Unknown command.
Unknown command.
Unknown command.
Unknown command.
Evoke which item? (* to show all) (? for menu, Esc to quit)
Aiming: Mindburst
Press: ? - help, Shift-Dir - straight line, f - brown ugly thing
Aim: a brown ugly thing (heavily wounded, chance to affect: 78%)
Okay, then.
As you read the scroll of teleportation, it crumbles to dust.
You feel strangely unstable. The gargoyle closely misses you.
The brown ugly thing kicks you.
* * * LOW HITPOINT WARNING * * *
You are splashed with acid!
You die...

..............<.#
.........................
.....................#...
.....................!...
.........................
.........####.....#.....
#.......###......##.#..
#.##.u..#..............
#....9@..).............
#....#.................
##.#.##..^............. #
.. #..###.".#.......
........###.##.......
#..#.###.# #.##......#
#...# .. .##.....## ###.
.#. ...... ......


You could see a brown ugly thing and a gargoyle (corroded).

Vanquished Creatures
  A two-headed ogre (D:9)
  A troll (D:9)
  A hornet (D:10)
  Sigmund (D:3)
  A wyvern (D:9)
  4 yaks (D:8)
  Grum (D:11)
  A steam dragon (D:7)
  5 soldier ants (D:6)
  5 water moccasins
  A black bear (D:10)
  6 orc warriors
  3 sky beasts
  4 ice beasts
  4 phantoms
  5 ogres
  4 wolves
  4 centaurs
  2 big kobolds
  6 bullfrogs
  A gnoll sergeant (D:5)
  A wyvern skeleton (D:9)
  2 scorpions (D:5)
  7 wights (D:7)
  13 killer bees
  4 howler monkeys
  A quasit (D:8)
  6 orc priests
  A jelly (D:10)
  2 bullfrog skeletons
  A centaur skeleton (D:8)
  7 hounds
  2 iguanas
  Jessica (D:2)
  Ijyb (D:3)
  Natasha (thrice) (D:3)
  5 orc wizards
  15 worker ants
  A killer bee zombie (D:9)
  2 hound skeletons
  17 gnolls
  14 adders
  A shadow imp (D:10)
  2 white imps
  2 oozes
  An adder zombie (D:8)
  An adder skeleton (D:4)
  4 worms
  A dart slug (D:1)
  4 leopard geckos
  29 orcs
  4 giant cockroaches
  8 goblins
  12 hobgoblins
  7 jackals (D:4)
  19 kobolds
  5 quokkas
  2 ball pythons
  5 bats
  8 frilled lizards
  A jackal zombie (D:7)
  A quokka skeleton (D:4)
  10 rats
294 creatures vanquished.

Vanquished Creatures (others)
  An orc (D:7)
  A quokka (D:6)
2 creatures vanquished.

Grand Total: 296 creatures vanquished

Notes
Turn   | Place    | Note
-------+----------+-------------------------------------------
     0 | D:1      | lunkers the Hill Orc Hunter began the quest for the Orb.
     0 | D:1      | Reached XP level 1. HP: 18/18 MP: 1/1
   354 | D:1      | Reached XP level 2. HP: 24/25 MP: 2/2
   406 | D:1      | Reached skill level 3 in Fighting
  1162 | D:1      | Reached XP level 3. HP: 25/31 MP: 3/3
  2008 | D:2      | Noticed Jessica
  2013 | D:2      | Killed Jessica
  2014 | D:2      | Reached skill level 4 in Fighting
  2014 | D:2      | Reached XP level 4. HP: 36/40 MP: 4/4
  2475 | D:2      | Found a hazy altar of Hepliaklqana.
  2975 | D:3      | Found a blossoming altar of Fedhas.
  2999 | D:3      | Reached XP level 5. HP: 26/47 MP: 5/5
  3307 | D:3      | Noticed Natasha
  3315 | D:3      | Killed Natasha
  3367 | D:3      | Noticed an ice beast
  3385 | D:3      | Killed an ice beast
  3386 | D:3      | Reached skill level 5 in Fighting
  3386 | D:3      | Reached skill level 5 in Throwing
  3386 | D:3      | Reached XP level 6. HP: 38/56 MP: 6/6
  3736 | D:3      | Found a glowing golden altar of the Shining One.
  3763 | D:3      | Noticed Sigmund
  3782 | D:3      | Killed Sigmund
  3783 | D:3      | Reached skill level 6 in Fighting
  4073 | D:3      | Noticed Ijyb
  4085 | D:3      | Killed Ijyb
  4086 | D:3      | Reached XP level 7. HP: 59/64 MP: 7/7
  4221 | D:3      | Noticed Natasha
  4229 | D:3      | Killed Natasha
  4242 | D:3      | Noticed Natasha
  4250 | D:3      | Killed Natasha
  4282 | D:3      | Found a stormy altar of Qazlal.
  4506 | D:3      | Noticed a fire elemental
  4506 | D:3      | Noticed an air elemental
  4506 | D:3      | Noticed a water elemental
  4906 | D:3      | Found a shimmering altar of Xom.
  5052 | D:4      | Reached skill level 7 in Fighting
  5708 | D:4      | Found a staircase to the Ecumenical Temple.
  5766 | Temple   | Entered the Ecumenical Temple
  5800 | Temple   | Became a worshipper of Warmaster Okawaru
  6069 | D:4      | Reached skill level 8 in Fighting
  6069 | D:4      | Reached XP level 8. HP: 22/74 MP: 8/8
  6458 | D:5      | Entered Level 5 of the Dungeon
  6458 | D:5      | Found Gurpheun's Jewellery Emporium.
  6739 | D:5      | Found Ugixer's Assorted Antiques.
  6747 | D:5      | Bought a smoky yellow potion for 22 gold pieces
  6747 | D:5      | Bought a crystal long sword for 212 gold pieces
  6747 | D:5      | Bought an amethyst potion for 22 gold pieces
  6747 | D:5      | Identified the +4 long sword of Deflation {vorpal, rC+
                  | Str+7} (You bought it in a shop on level 5 of the Dungeon)
  7173 | D:5      | Reached skill level 1 in Invocations
  7174 | D:5      | Reached skill level 1 in Evocations
  7425 | D:5      | Found Wiuferit's Gadget Emporium.
  7461 | D:5      | Found a sparkling altar of Nemelex Xobeh.
  7744 | D:5      | Found Tagh's Assorted Antiques.
  7987 | D:6      | Reached * piety under Okawaru
  8096 | D:6      | Reached skill level 9 in Fighting
  8105 | D:6      | Reached XP level 9. HP: 9/83 MP: 9/11
  8475 | D:6      | Found a white marble altar of Elyvilon.
  8753 | D:6      | Found a runed translucent door.
  8788 | D:6      | Found a runed translucent gate.
  8789 | D:6      | Found an opulent altar of Gozag.
  8789 | D:6      | Found a runed translucent gate.
  8792 | D:6      | Found the +9 staff of Olgreb {rPois∞}
  8858 | D:6      | Found a runed translucent gate.
  8859 | D:6      | Found a runed translucent door.
  9396 | D:7      | Reached ** piety under Okawaru
  9409 | D:7      | Reached skill level 5 in Invocations
  9840 | D:7      | Reached skill level 10 in Fighting
 10310 | D:8      | Reached skill level 5 in Evocations
 10386 | D:8      | Reached XP level 10. HP: 94/94 MP: 13/13
 10478 | D:8      | Reached skill level 1 in Armour
 10480 | D:8      | Reached *** piety under Okawaru
 11781 | D:9      | Noticed a two-headed ogre
 11796 | D:9      | Killed a two-headed ogre
 11796 | D:9      | Reached **** piety under Okawaru
 11797 | D:9      | Reached skill level 11 in Fighting
 11993 | D:9      | Found a sparkling altar of Nemelex Xobeh.
 12576 | D:9      | Found a sparkling altar of Nemelex Xobeh.
 12682 | D:6      | Reached ***** piety under Okawaru
 12683 | D:6      | Reached XP level 11. HP: 75/102 MP: 14/14
 13734 | D:6      | Received a gift from Okawaru
 13801 | D:10     | Entered Level 10 of the Dungeon
 13828 | D:10     | Found Akacel's Armour Boutique.
 14167 | D:10     | Reached skill level 5 in Armour
 14559 | D:11     | Found a staircase to the Lair.
 14647 | D:11     | Noticed Grum
 15161 | D:11     | Killed Grum
 15210 | D:11     | Noticed a brown ugly thing
 15215 | D:11     | HP: 5/104 [brown ugly thing (6)]
 15215 | D:11     | Splashed by a brown ugly thing's acid

Illustrated notes

Levels and vault maps discovered:
D:1:      saegor_arrival_simple_c, layout_basic
D:2:      layout_loops_ring, nzn_hepliaklqana_mist_gate, st_stairs_12,
          minmay_fractal_squares_gapless_5, uniq_jessica
D:3:      layout_basic, tso_oasis_becter, tgw_xom, fedhas_altar_1, hex_tiny,
          nicolae_qazlal_style_of_elements, uniq_ijyb, uniq_natasha,
          uniq_sigmund
D:4:      layout_basic, minmay_temple_entry_grid, kennysheep_cross_room
D:5:      layout_cave_pods, serial_shops, kennysheep_mini_moat, shop, shop,
          kennysheep_mini, grunt_ministairs_1, nemelex_spade_bored_becter
D:6:      layout_rooms, lemuel_crystal_altar, elyvilon_altar_4,
          minmay_guarded_unrand_staff_of_olgreb
D:7:      layout_gridville
D:8:      layout_rooms, minmay_misc_feat_alley
D:9:      layout_basic, overflow_temple_1_default, nemelex_dance_club_becter
D:10:     layout_roguey, serial_shops, nicolae_shop_waterfront
D:11:     layout_cave_pools, lair_entry_dummy, minmay_orc_entry_guard_dogs,
          uniq_grum
Temple:   eino_narrow_crystal_temple

Skill      XL: |  1  2  3  4  5  6  7  8  9 10 11 |
---------------+----------------------------------+-----
Fighting       | 3 4 5 6 8 9 10 11 | 11.8
Throwing       | 4 5 6 7 8 9 |  9.8
Invocations    | 3 5 |  5.0
Evocations     | 2 5 7 8 |  8.9
Armour         | 4 5 |  5.0
Dodging        | |  1.5
Stealth        | |  0.7

Action                   |  1- 3 |  4- 6 |  7- 9 | 10-12 || total
-------------------------+-------+-------+-------+-------++-------
Melee: Short sword       |   105 |       |       |       ||   105
       Dagger            |     7 |   147 |   170 |       ||   324
       Long sword        |       |       |   117 |   183 ||   300
       Staff             |       |       |       |   134 ||   134
       Punch             |       |       |       |     2 ||     2
 Fire: Hunting sling     |       |       |    70 |       ||    70
Throw: Javelin           |     5 |       |       |       ||     5
       Stone             |    12 |    22 |    54 |       ||    88
       Boomerang         |       |       |    56 |   104 ||   160
       Dart              |       |       |       |     6 ||     6
Invok: Heroism           |       |       |     3 |     8 ||    11
Evoke: Wand              |       |       |       |     2 ||     2
       Staff of Olgreb   |       |       |       |     1 ||     1
  Use: Scroll            |       |       |    16 |     6 ||    22
       Potion            |       |       |       |     1 ||     1
Armor: Leather armour    |    26 |     7 |       |       ||    33
       Scale mail        |       |    55 |       |       ||    55
       Ring mail         |       |       |   159 |   204 ||   363
Dodge: Dodged            |    61 |    72 |   251 |   301 ||   685
Block: Other             |       |       |       |    21 ||    21
       Rpst.: Long sword |       |       |    33 |    42 ||    75

Table legend: (Time is in decaauts)
 A = Elapsed time spent in this place.
 B = Non-inter-level travel time spent in this place.
 C = Inter-level travel time spent in this place.
 D = Time resting spent in this place.
 E = Time spent auto-exploring this place.
 F = Levels seen in this place.
 G = Mean time per level.
                   A        B        C        D        E       F      G
               +--------+--------+--------+--------+--------+-----+--------+
         Total |  15312 |  14736 |    576 |   2006 |  10129 |  12 | 1276.0 |
       Dungeon |  15164 |  14588 |    576 |   2006 |  10006 |  11 | 1378.5 |
        Temple |    148 |    148 |      0 |      0 |    123 |   1 |  148.0 |
               +--------+--------+--------+--------+--------+-----+--------+

Top non-repeatable levels by time:
     D:3: 2110 daAuts
     D:1: 1857 daAuts
     D:5: 1794 daAuts
     D:6: 1723 daAuts
     D:4: 1398 daAuts
     D:8: 1358 daAuts
     D:7: 1335 daAuts
    D:10: 1213 daAuts
     D:2: 1106 daAuts
     D:9: 1039 daAuts
    D:11: 225 daAuts
  Temple: 148 daAuts
